Cogmind - Beta 15 @@@ ROGUE MODE // 2025.05.23 @ 14:46:38 Player: Polariusz Result: Destroyed by D-53 Grenadier with Mini Grenade Launcher Performance ------------- Evolutions (0) 0 Regions Visited (4) 800 Robots Destroyed (24) 120 Value Destroyed (411) 411 Prototype IDs (1) 20 Alien Tech Used (0) 0 Bonus (307) 307 TOTAL SCORE: 1658 Bonus ------- Follower Combat Kills 7 Aligned with FarCom 300 Cogmind --------- Core Integrity 0/250 Matter 290/300 Energy 96/100 System Corruption 0% Temperature Cool (18) Movement Core (50) Location -9/Mines Parts ------- > --- POWER (1) -------- (None) > --- PROPULSION (2) --- (None) > --- UTILITY (2) ------ (None) > --- WEAPON (2) ------- (None) > --- INVENTORY (5) ---- Medium Storage Unit Visual Processing Unit Improved Targeting Computer Heavy EM Pulse Gun Improved Medium Laser Peak State ------------ > --- POWER ------------ Light Ion Engine > --- PROPULSION ------- Wheel Compact Wheel > --- UTILITY ---------- Large Storage Unit Improved Terrain Scanner > --- WEAPON ----------- Improved Medium Laser Improved Medium Laser > --- INVENTORY -------- Ion Engine Light Treads Light Treads Improved Heat Sink Medium Storage Unit Visual Processing Unit Seismic Detector Improved Targeting Computer Improved Targeting Computer Improved Targeting Computer Improved Targeting Computer Hacking Suite Heavy EM Pulse Gun Heavy EM Pulse Gun Grenade Launcher [Rating: 15] Favorites ----------- Power Light Ion Engine Engine Light Ion Engine Propulsion Wheel Leg Aluminum Leg Wheel Wheel Utility Large Storage Unit Device Improved Terrain Scanner Storage Large Storage Unit Weapon Improved Medium Laser Energy Gun Improved Medium Laser Ballistic Gun Assault Rifle Launcher Grenade Launcher Build | -11 -10 -10 -10 -9 ------- Run | Yrd Mat Min Exi Min Slots Evolved . | . . . . . Power . | . . . . . Propulsion . | . . . . . Utility . | . . . . . Weapon . | . . . . . Parts Attached 19 | 5 11 3 . . Power 2 | . 2 . . . Engine 2 | . 2 . . . Core . | . . . . . Reactor . | . . . . . Propulsion 6 | 2 2 2 . . Treads . | . . . . . Leg 2 | 2 . . . . Wheel 4 | . 2 2 . . Hover . | . . . . . Flight . | . . . . . Utility 4 | 1 2 1 . . Device 2 | . 1 1 . . Storage 2 | 1 1 . . . Processor . | . . . . . Hackware . | . . . . . Protection . | . . . . . Artifact . | . . . . . Weapon 7 | 2 5 . . . Energy Gun 4 | 1 3 . . . Energy Cannon . | . . . . . Ballistic Gun 2 | 1 1 . . . Ballistic Cannon . | . . . . . Launcher 1 | . 1 . . . Special Weapon . | . . . . . Impact Weapon . | . . . . . Slashing Weapon . | . . . . . Piercing Weapon . | . . . . . Special Melee Weapon . | . . . . . Unidentified Prototypes 1 | . 1 . . . Parts Lost 7 | . . 1 . 6 Power 1 | . . . . 1 Propulsion 3 | . . 1 . 2 Utility 1 | . . . . 1 Weapon 2 | . . . . 2 Highest Loss Streak 6 | . . 1 . 6 To Critical Strikes . | . . . . . Average Backups 12 | 3 9 14 15 15 Power 1 | 1 1 1 1 1 Propulsion 2 | 1 3 2 2 2 Utility 6 | . 2 8 9 9 Weapon 2 | 1 1 3 3 3 Tool/Special . | . . . . . Unused Backups 16 | . 3 . . 13 Power 1 | . . . . 1 Propulsion 4 | . 2 . . 2 Utility 9 | . 1 . . 8 Weapon 2 | . . . . 2 Tool/Special . | . . . . . Average Slot Usage (%) 95 | . 90 97 100 97 Engine 12 | . 9 14 14 13 Leg 2 | . 7 . . . Wheel 24 | . 20 25 28 26 Device 13 | . 11 14 14 14 Storage 14 | . 14 14 14 14 Energy Gun 18 | . 5 27 28 26 Ballistic Gun 7 | . 19 . . . Peak Build Rating 15 | 5 13 15 15 15 Average Rating 11 | 3 7 14 15 14 On Entrance 9 | . 5 13 15 15 Naked Turns 2 | . . . . 2 Heaviest Build 30 | 9 30 30 30 30 Greatest Support 26 | 20 26 26 20 20 Greatest Overweight (x) 1 | . 1 1 1 1 Average Overweight (x) . | . . 1 1 . Largest Inventory Capacity 15 | 8 15 15 15 15 Average Capacity 14 | 7 13 15 15 14 Most Carried 15 | 6 15 15 15 15 Average Carried 12 | 3 9 14 15 14 Final Capacity 15 | 8 15 15 15 5 Final Carried 15 | 4 13 15 15 5 Class Distribution -------------------- 47% | Mutant 44% | Scavenger-Mutant 7% | Scavenger-Skirmisher Dominant Class ---------------- Mutant | -10/Materials Scavenger-Mutant | -10/Mines Scavenger-Mutant | -10/Exiles Scavenger-Skirmisher | -9/Mines Resources | -11 -10 -10 -10 -9 ----------- Run | Yrd Mat Min Exi Min Matter Collected 672 | 240 248 184 . . Remotely . | . . . . . Salvage Created 541 | . 329 212 . . Parts 38 | . 22 16 . . Haulers Intercepted 1 | . 1 . . . Recyclers Shooed . | . . . . . Parts Field Recycled . | . . . . . Retrieved Matter . | . . . . . Parts Self-Destructed . | . . . . . Prevented . | . . . . . Kills | -11 -10 -10 -10 -9 ------- Run | Yrd Mat Min Exi Min Combat Hostiles Destroyed 17 | . 10 7 . . Guns 11 | . 7 4 . . AOE 6 | . 3 3 . . Classes Destroyed 6 | . 5 1 . . Tunneler 3 | . . 3 . . Hauler 1 | . 1 . . . Operator 1 | . 1 . . . Watcher 2 | . 2 . . . Swarmer 11 | . 6 5 . . Grunt 6 | . 4 2 . . Best Kill Streak 4 | . 3 4 . . Combat Bots Only 3 | . 3 3 . . Max Kills in Single Turn 4 | . 3 4 . . Gunslinging 1 | . . 1 . . Exploded 3 | . 3 3 . . Melee . | . . . . . Uniques/NPCs Destroyed . | . . . . . Combat | -11 -10 -10 -10 -9 -------- Run | Yrd Mat Min Exi Min Hostile Shots Fired 47 | . 25 5 . 17 Missed 11 | . 8 . . 3 Hits 36 | . 17 5 . 14 Projectile 36 | . 17 5 . 14 AOE 13 | . . . . 13 Damage Taken 837 | . 209 60 . 568 Core 256 | . 37 . . 219 Absorbed by Shields . | . . . . . Regen/Repaired (Parts) 39 | . 39 . . . Core Remaining (%) 100 | 100 . . . . Volleys Fired 51 | . 39 8 . 4 Largest 2 | . 2 2 . 2 Hottest 112 | . 70 112 . 86 Shots Fired 96 | . 73 16 . 7 Gun 91 | . 72 15 . 4 Cannon . | . . . . . Launcher 5 | . 1 1 . 3 Special . | . . . . . Kinetic 59 | . 59 . . . Thermal 32 | . 13 15 . 4 Explosive 5 | . 1 1 . 3 Electromagnetic . | . . . . . Robot Hit Streak 6 | . 5 6 . 2 Robot Miss Streak 5 | . 5 2 . 2 Penetration Max . | . . . . . Secondary Targets 1 | . . 1 . . Max Gunslinging Chain 1 | . . 1 . . Shots Hit Robots 48 | . 37 8 . 3 Core Hits 35 | . 21 11 . 3 Critical Kills . | . . . . . Critical Parts Destroyed 1 | . 1 . . . Critical Strikes 4 | . 2 1 . 1 Burn 3 | . 1 1 . 1 Destroy 1 | . 1 . . . Melee Attacks . | . . . . . Impact . | . . . . . Slashing . | . . . . . Piercing . | . . . . . Sneak Attacks . | . . . . . Combat Hostiles . | . . . . . Follow-up Attacks . | . . . . . Damage Inflicted 925 | . 598 249 . 78 Guns 636 | . 469 133 . 34 Cannons . | . . . . . Explosions 289 | . 129 116 . 44 Melee . | . . . . . Ramming . | . . . . . Kinetic 368 | . 368 . . . Thermal 268 | . 101 133 . 34 Explosive 289 | . 129 116 . 44 Electromagnetic . | . . . . . Impact . | . . . . . Slashing . | . . . . . Piercing . | . . . . . Highest Corruption . | . . . . . Average Corruption . | . . . . . Corruption Purged . | . . . . . Corruption Blocked . | . . . . . Overload Shots . | . . . . . Overflow Damage . | . . . . . Projectiles . | . . . . . Explosions . | . . . . . Melee . | . . . . . Knockbacks . | . . . . . Impact . | . . . . . Kinetic . | . . . . . Secondary . | . . . . . Self-Inflicted Damage 39 | . 39 . . . Shots 1 | . 1 . . . Rammed . | . . . . . Targets Rammed . | . . . . . Kicked . | . . . . . Crushed . | . . . . . Highest Temperature 180 | . 18 180 . 68 Average Temperature 35 | . 9 55 . 41 Received Heat Transfer 102 | . 75 27 . . Siege Activations . | . . . . . Martial Activations . | . . . . . Shielding Activations . | . . . . . Robots Disrupted . | . . . . . Combat Hostiles . | . . . . . Robots Corrupted . | . . . . . Combat Hostiles . | . . . . . Parts Fried . | . . . . . Impact Corruptions . | . . . . . Robots Melted . | . . . . . Combat Hostiles . | . . . . . Parts Melted 2 | . . 2 . . Heat Transferred 888 | . 370 370 . 148 Parts Sabotaged . | . . . . . Parts Stolen . | . . . . . Parts Stripped . | . . . . . Power Chain Reactions . | . . . . . Alert | -11 -10 -10 -10 -9 ------- Run | Yrd Mat Min Exi Min Maximum Alert Level . | . . . . . Low Security (%) 100 | 100 100 100 . 100 Level 1 . | . . . . . Level 2 . | . . . . . Level 3 . | . . . . . Level 4 . | . . . . . Level 5 . | . . . . . High Security . | . . . . . Max Security . | . . . . . Peak Influence 107 | . 68 107 . 9 Initial . | . . . . . Average 21 | . 20 33 . . Influence Increases 521 | . 289 218 . 14 Destroy 0b10 Robot/C 360 | . 200 160 . . Destroy 0b10 Robot/NC 35 | . 20 15 . . Destroy Leader 86 | . 56 30 . . Allied During Kill 5 | . . 5 . . Successful Hack 5 | . 5 . . . Destroy Structure 30 | . 8 8 . 14 Influence Decreases 521 | . 289 218 . 14 Time Decay 497 | . 289 208 . . Lost Part 24 | . . 10 . 14 Squads Dispatched 2 | . 2 . . . Investigation 1 | . 1 . . . Extermination . | . . . . . Reinforcement 1 | . 1 . . . Assault . | . . . . . Garrison . | . . . . . Intercept . | . . . . . Searches Triggered . | . . . . . Construction Impeded . | . . . . . Haulers Reinforced . | . . . . . Active Scanning Responses . | . . . . . Cargo Convoy Interrupts . | . . . . . Stealth | -11 -10 -10 -10 -9 --------- Run | Yrd Mat Min Exi Min Distress Signals 2 | . 2 . . . Communications Jammed . | . . . . . Distress Signals . | . . . . . Times Spotted 34 | . 24 6 . 4 Peak Tracking Total 4 | . 4 3 . 3 Tactical Retreats . | . . . . . Traps | -11 -10 -10 -10 -9 ------- Run | Yrd Mat Min Exi Min Traps Triggered 2 | . 2 . . . Indirectly . | . . . . . Trap Hack Attempts . | . . . . . Triggered . | . . . . . Disarmed . | . . . . . Reprogrammed . | . . . . . Reused . | . . . . . Traps Extracted . | . . . . . Installed . | . . . . . Triggered . | . . . . . Machines | -11 -10 -10 -10 -9 ---------- Run | Yrd Mat Min Exi Min Machines Disabled . | . . . . . Max in Single Turn . | . . . . . Machines Repaired . | . . . . . Machines Dismantled . | . . . . . Machines Sabotaged . | . . . . . Overloaded Fab Kills . | . . . . . Hacking | -11 -10 -10 -10 -9 --------- Run | Yrd Mat Min Exi Min Machines Accessed 5 | . 4 1 . . Terminals 4 | . 3 1 . . Fabricators . | . . . . . Repair Stations 1 | . 1 . . . Recycling Units . | . . . . . Scanalyzers . | . . . . . Garrison Access . | . . . . . Total Hacks 12 | . 10 2 . . Successful 5 | . 5 . . . Failed 7 | . 5 2 . . Catastrophic 2 | . 2 . . . Database Lockouts . | . . . . . Manual 9 | . 7 2 . . Terminals 10 | . 8 2 . . Fabricators . | . . . . . Repair Stations 2 | . 2 . . . Recycling Units . | . . . . . Scanalyzers . | . . . . . Garrison Access . | . . . . . Terminal Hacks 3 | . 3 . . . Alert Level 1 | . 1 . . . Locate Traps 1 | . 1 . . . Zone Layout 1 | . 1 . . . Fabricator Hacks . | . . . . . Repair Station Hacks 2 | . 2 . . . Scan Component 1 | . 1 . . . Repair 1 | . 1 . . . Recycling Unit Hacks . | . . . . . Scanalyzer . | . . . . . Garrison Access Hacks . | . . . . . Unauthorized Hacks . | . . . . . Terminals . | . . . . . Fabricators . | . . . . . Repair Stations . | . . . . . Recycling Units . | . . . . . Scanalyzers . | . . . . . Garrison Access . | . . . . . Data Cores Recovered . | . . . . . Used . | . . . . . Hacking Detections 4 | . 3 1 . . Full Trace Events . | . . . . . Feedback Events . | . . . . . Feedback Blocked . | . . . . . Robot Schematics Acquired . | . . . . . Robots Built . | . . . . . Authchips . | . . . . . Time . | . . . . . Total Robot Build Rating . | . . . . . Part Schematics Acquired . | . . . . . Parts Built . | . . . . . Authchips . | . . . . . Time . | . . . . . Total Part Build Rating . | . . . . . Parts Repaired 1 | . 1 . . . Time 26 | . 26 . . . Parts Recycled . | . . . . . Recycled Matter . | . . . . . Retrieved Matter . | . . . . . Retrieved Components . | . . . . . Parts Scanalyzed . | . . . . . Part Schematics Acquired . | . . . . . Parts Damaged . | . . . . . Bothacking | -11 -10 -10 -10 -9 ------------ Run | Yrd Mat Min Exi Min Used RIF Installer . | . . . . . Robots Hacked . | . . . . . Non-combat . | . . . . . Combat . | . . . . . Robot Hacks Applied . | . . . . . Relay Couplers Released . | . . . . . Fabnet Peak Effective % . | . . . . . Robots Rewired . | . . . . . Allies Hacked . | . . . . . Hacks Repelled . | . . . . . Allies | -11 -10 -10 -10 -9 -------- Run | Yrd Mat Min Exi Min Total Allies 3 | . . 3 . . Largest Group 3 | . . 3 3 . Highest-Rated Group 74 | . . 74 74 . Highest-Rated Ally 31 | . . 31 31 . Total Orders . | . . . . . Ally Attacks 3 | . . 3 . . Total Damage 42 | . . 42 . . Kills 1 | . . 1 . . Allies Corrupted . | . . . . . Allies Melted . | . . . . . Intel | -11 -10 -10 -10 -9 ------- Run | Yrd Mat Min Exi Min Active Infowar (turns) 2272 | . 816 597 655 204 Terrain 1339 | . . 480 655 204 Seismic 933 | . 816 117 . . Robot Analysis Total . | . . . . . Derelict Logs Recovered . | . . . . . Drone Launches . | . . . . . Drone Recoveries . | . . . . . Exploration | -11 -10 -10 -10 -9 ------------- Run | Yrd Mat Min Exi Min Turns Passed 2491 | 64 969 597 655 206 Spaces Moved 1766 | 49 738 413 368 198 Core 13 | 11 . . . 2 Treads . | . . . . . Legs 172 | 38 134 . . . Wheels 1581 | . 604 413 368 196 Hover . | . . . . . Flight . | . . . . . Fastest Speed 50 | 50 90 95 95 50 Average Speed 100 | 104 104 99 95 94 Slowest Speed 120 | 120 120 115 95 95 Overloaded Moves . | . . . . . Propulsion Burnouts . | . . . . . Robots Hopped . | . . . . . Potential Cave-ins . | . . . . . Cave-ins Triggered . | . . . . . Exploration Rate (%) 57 | 3 80 66 87 51 Regions Visited 4 Branch Regions 3 Pre-discovered Areas 1 | . . 1 . . Known Exits Taken . | . . . . . Unknown Exits Taken 4 | 1 1 1 1 . Scrap Searched 3 | . . 1 . 2 Spaces Dug . | . . . . . Terrain Destroyed 41 | . 7 8 . 26 Melee . | . . . . . Projectile . | . . . . . AOE 41 | . 7 8 . 26 Terrain Rammed . | . . . . . Walls Destroyed . | . . . . . Machines Disabled . | . . . . . Actions | -11 -10 -10 -10 -9 --------- Run | Yrd Mat Min Exi Min Total 2388 | 62 863 581 673 209 Wait 494 | . 33 150 306 5 Move 1762 | 48 737 412 367 198 Hop . | . . . . . Pick Up 38 | 9 26 3 . . Fast Attach 1 | . . 1 . . Attach 13 | 5 7 1 . . Detach . | . . . . . Swap 15 | . 10 4 . 1 Drop 14 | . 11 2 . 1 Fire 51 | . 39 8 . 4 Melee . | . . . . . Ram . | . . . . . Kick . | . . . . . Crush . | . . . . . Escape Stasis . | . . . . . Rewire . | . . . . . Trap . | . . . . . Miscellaneous . | . . . . . Route ------- -11/Scrapyard -10/Materials (discovered 3 exits: [*Mat x2] / *Min) -10/Mines (discovered 2 exits: [*Mat] / [*Exi]) -10/Exiles -9/Mines (discovered 1 exit: [*Mat]) History --------- Turn | Location | Event 6 | -11/Scrapyard | Discovered new exit (range 14) 65 | -11/Scrapyard | Entered Materials 118 | -10/Materials | Discovered new exit (range 19) 326 | -10/Materials | Build established: Mutant 357 | -10/Materials | Discovered new exit (range 15) 438 | -10/Materials | Repaired Grenade Launcher? 534 | -10/Materials | Discovered new exit (range 13) 1034 | -10/Materials | Entered Mines 1133 | -10/Mines | Deemed a non-threat by the Exiles lab entrance 1133 | -10/Mines | Discovered new exit (range 5) 1181 | -10/Mines | Escorted by a lone wolf Derelict 1358 | -10/Mines | Learned location of Storage (-8) 1428 | -10/Mines | Discovered new exit (range 7) 1482 | -10/Mines | Build established: Scavenger-Mutant 1631 | -10/Mines | Entered Exiles 1631 | -10/Exiles | Accompanied by 3 allies 1661 | -10/Exiles | Led the pair of lost Derelicts to a safe place 1663 | -10/Exiles | Met 8R-AWN 1682 | -10/Exiles | Met EX-HEX 1742 | -10/Exiles | Met EX-BIN 1754 | -10/Exiles | Aligned with FarCom system 1755 | -10/Exiles | Given EX-Vault access code 1831 | -10/Exiles | Met EX-DEC 1861 | -10/Exiles | Visited The Gauntlet 1978 | -10/Exiles | Discovered new exit (range 12) 2286 | -10/Exiles | Entered Mines 2456 | -9/Mines | Assembled infested the area 2484 | -9/Mines | Discovered new exit (range 9) 2487 | -9/Mines | Core integrity fell below 50% 2491 | -9/Mines | Core integrity fell below 20% 2492 | -9/Mines | Destroyed by D-53 Grenadier with Mini Grenade Launcher Last Messages --------------- 02479_ C-30 ARC bursts open, deploying its payload. 02479_ D-53 Grenadier unfolds itself. 02482_ Wheel destroyed. 02483_ The unstable cave ceiling collapses. 02484_ EXIT=FOUND 02484_ Wheel destroyed. 02485_ The unstable cave ceiling collapses. 02486_ Lgt. Ion Engine destroyed. 02486_ Grenade Launcher destroyed. 02487_ The unstable cave ceiling collapses. 02488_ D-53 Grenadier suffers critical hit (Burn). 02489_ The unstable cave ceiling collapses. 02490_ Imp. Terrain Scanner destroyed. 02490_ Imp. Medium Laser destroyed. 02490_ Dropped Lrg. Storage Unit. 02491_ The unstable cave ceiling collapses. 02491_ Hvy. EM Pulse Gun crushed. 02492_ The unstable cave ceiling collapses. Map ----- +----------------------------------------------------+ | ?????????????????????????????????????????????? | | ?????????????????????????????????????????????? | | ?????????????????????????????????????????????? | | ?????????????????????????????????????????????? | | ?????????????????????????????????????????????? | | ?????????????????????????????????????????????? | | ?????????????????????????????????????????????? | | ?????????????????????????????????????????????? | | ?????????????????????????????????????????????? | | ?????????????????????????????????????????????? | | ?????????????????????????????????????????????? | | ?????????????????????????????????????????????? | | ?????????????????????????????????????????????? | | ????????????????#????#???????????????????????? | | ?????????????????????????????????????????????? | | ??????????????????????#??????????????????????? | | ?????????????????????######??????????????????? | | ???????? ???????????# ##?????????????????? | | ????????????????????# ??????????????????? | | ????????????????????# < #??????????????????? | | ????????????? ????### #??????????????????? | | ????????????????### # #??????????????????? | | ??????????????### # ???????????????????? | | ????g??????#??# ##???????????????????? | | ?????lg????# # ##??????????????????? | | ???????# ## #! @ #???????#??????????? | | ???????# !=! ## #????????????????? | | ???????# #!= aa #????????????????? | | ???????#$ !!! ####???????#????????? | | ????# ## * ##?????####??????????? | | ?????#### ???# ##?????## ######?????? | | ????????#????### #?#????# ##?????? | | ????????? ?????# #?????## #?????? | | ???????????????# d #???### #?????? | | ???????????????# d ####?## #?#???# | | ???????????????### ### #?????## | | ????????????????# #??????# | | ??????????? ????# # #?????## | | ????????????????# ##### ##????# | | ???????????????# ##???## ###### | | ??????????? ?? ##?????# ## | | ???????????? #???????# #### | | ?????????? #????????# #??## ########## | | ????????? ##?????????# #?#?# #????????# | | ????????? #???????????# #???# #???????#? | | ????????# ????????????# #?#?# #?#???#??? | | ?????????# ?????????????# ##### #???????#? | | ?????????###???????####??## #????????? | | ??????????????????## #### ##?????#?? | | ??????????????????# ##??????? | +----------------------------------------------------+ Best States ------------- Heat Dissipation 25 Energy Generation 10 Energy Capacity 125 Matter Stores 300 Matter Capacity 300 Sight Range 16 Terrain Scan Range 16 Terrain Scan Density 10 Evasion (%) 55 Item Schematics ----------------- None Robot Schematics ------------------ None Fabricated ------------ Nothing Repaired ---------- Grenade Launcher | 35% | -10/Materials Alien Tech Used ----------------- None Achievements -------------- None Challenges ------------ None Game ------ Seed CoolingDecoyBrace Manual? 0 Play Time 00:21:12 Cumulative 41.3 hours Start 2025.05.23 @ 14:26:59 End 2025.05.23 @ 14:46:38 Sessions 1 Manual Loads 0 Difficulty Rogue Special Mode None Game No. 44 Rogue 44 Adventurer 0 Explorer 0 Win Type - Total 1 Types 1/0/0/0/0/0/0/0/0/0 Lore% 22 Gallery% 28 Achievement% 27 Wizard Run 0 Options --------- Layout 1 ASCII 0 Keyboard 0 Movement Mouse Keybinds 0 Fullscreen 1 Font 24/Smallcaps Map View 50x35 Zoom Use 0% Tactical HUD 1 Map Filters NONE Filters NONE Steam 1 RUN: 333b66f5-51cf-44e1-aca7-532ae6aff5ef